Map: [ESL] Tropical Sacrifice

Players

maru - Winner!

  • Race: Terran Terran
  • League: Diamond
  • Spawn Location: 7:00

Lambo

  • Race: Zerg Zerg
  • League: Grandmaster
  • Spawn Location: 1:00

Event: TSL 9

VOD

Have the link to the VOD?

Description

Time

  • Played on: Sept. 3, 2022, 11:02 a.m.
  • Length: 12:46

All games in this series

Show
View Real Time Build Order
Export as new Build Order

maru Terran - Winner!

Build Orders: Reaper Expand 

Get SALT Encoding   

  12  0:00  SCV  
  13  0:12  SCV  
  14  0:18  Supply Depot  
  14  0:24  SCV  
  15  0:40  Barracks  
  15  0:53  Barracks  
  15  0:55  SCV  
  16  1:07  SCV  
  16  1:09  Refinery  
  17  1:19  SCV  
  18  1:28  Marine  
  18  1:32  Orbital Command  
  19  1:52  Reaper  
  20  1:55  Command Center  
  20  1:58  SCV  
  21  2:08  Supply Depot  
  21  2:10  SCV  
  21  2:22  SCV  
  22  2:29  Factory  
  22  2:34  SCV  
  23  2:46  SCV  
  24  2:53  Command Center  
  23  2:58  SCV  
  24  3:10  SCV  
  25  3:15  Factory Reactor  
  25  3:19  Refinery  
  25  3:23  SCV, Starport  
  26  3:28  Orbital Command  
  26  3:35  SCV  
  27  3:47  SCV  
  28  3:53  SCV  
  28  3:55  Hellion x2  
  33  3:59  SCV  
  33  4:01  Starport Tech Lab  
  33  4:02  Marine  
  34  4:05  Orbital Command  
  34  4:06  SCV  
  36  4:11  SCV  
  36  4:16  Hellion x2  
  41  4:17  Supply Depot  
  41  4:18  SCV  
  42  4:25  Raven  
  42  4:26  SCV  
  45  4:35  SCV x2  
  45  4:36  Barracks Tech Lab  
  45  4:38  Hellion x2  
  50  4:41  SCV  
  50  4:44  Supply Depot  
  51  4:50  SCV  
  51  4:52  Orbital Command  
  52  4:53  SCV  
  52  4:54  Marine  
  52  4:58  Stimpack  
  54  5:01  Barracks  
  54  5:02  SCV  
  54  5:03  Engineering Bay, Barracks  
  54  5:04  Engineering Bay  
  55  5:08  Supply Depot  
  55  5:09  Factory Reactor  
  55  5:12  SCV  
  56  5:14  SCV  
  56  5:16  Starport Reactor  
  56  5:18  SCV  
  58  5:22  Refinery, Marine  
  58  5:27  SCV x2  
  61  5:30  SCV, Barracks  
  61  5:31  Barracks  
  62  5:35  Terran Infantry Armor Level 1, Terran Infantry Weapons Level 1  
  62  5:39  SCV x2, Marine  
  65  5:43  SCV  
  65  5:46  Supply Depot  
  66  5:51  SCV x2  
  66  5:55  SCV, Marine, Factory Reactor  
  66  5:56  Supply Depot, Marine x2  
  72  6:03  SCV x2  
  74  6:07  SCV  
  74  6:09  Refinery  
  74  6:10  Marine x2  
  74  6:11  Medivac  
  79  6:15  SCV x2  
  79  6:18  Supply Depot, Marine x3  
  82  6:19  SCV  
  82  6:24  Barracks Reactor  
  85  6:26  Medivac  
  85  6:27  SCV x2  
  85  6:31  SCV  
  90  6:39  SCV x2, Marine x5  
  97  6:41  Widow Mine x2  
  97  6:42  Supply Depot  
  97  6:44  SCV  
  97  6:46  Supply Depot  
  102  6:49  Armory  
  102  6:51  SCV x2  
  104  6:56  SCV  
  104  6:57  Marine x3  
  108  7:03  SCV  
  108  7:04  Medivac x2  
  108  7:05  Supply Depot, Widow Mine  
  115  7:09  Supply Depot  
  115  7:10  Combat Shield  
  115  7:12  Barracks x2  
  115  7:13  Barracks  
  115  7:15  Refinery  
  115  7:16  Supply Depot  
  115  7:20  Marine x2  
  115  7:21  Marine x4  
  121  7:24  Widow Mine  
  121  7:26  Widow Mine  
  121  7:27  SCV  
  121  7:29  SCV  
  127  7:39  Terran Infantry Weapons Level 2  
  127  7:41  Command Center  
  127  7:42  Marine  
  127  7:43  Marine x2  
  121  7:52  SCV  
  121  7:55  Widow Mine x2  
  126  8:00  Terran Infantry Armor Level 2  
  126  8:01  Supply Depot  
  126  8:03  Barracks Reactor, Barracks Tech Lab x2  
  126  8:04  Marine x2  
  132  8:05  Marauder x2  
  132  8:13  Medivac  
  132  8:17  Widow Mine x2  
  132  8:18  SCV x3  
  138  8:23  Marauder, Marine x2  
  138  8:24  Marauder, Marine  
  138  8:26  Concussive Shells  
  138  8:27  Supply Depot, Marauder x2  
  149  8:28  Marine x3  
  151  8:36  Medivac  
  151  8:41  Supply Depot, Marine x2  
  153  8:42  Marine  
  153  8:44  Marine  
  153  8:48  SCV, Marauder x3, Marine  
  165  8:52  Medivac, Marine x2  
  165  8:57  SCV  
  165  8:58  SCV  
  165  9:00  SCV  
  163  9:05  Marauder, Marine x2  
  163  9:09  SCV  
  172  9:10  Marauder x2  
  172  9:15  Widow Mine x2  
  172  9:18  SCV  
  172  9:21  Supply Depot  
  171  9:29  Medivac  
  163  9:34  Supply Depot  
  163  9:37  Widow Mine x2, Marauder x2, Marine x2  
  163  9:38  Medivac  
  175  9:42  Marine x3  
  175  9:43  Marauder x2  
  182  9:45  Planetary Fortress  
  182  9:53  Marine x2  
  182  9:54  Marine  
  182  9:58  Widow Mine x2  
  182  9:59  Medivac, Marauder x2  
  170  10:01  Marine x2  
  170  10:04  Marauder x2  
  176  10:08  Terran Infantry Weapons Level 3  
  176  10:09  Marine x3  
  176  10:11  Marine x3  
  182  10:19  Medivac, Marine x3  
  182  10:20  Marauder  
  189  10:25  Marine  
  164  10:37  Marauder, Marine x2  
  164  10:38  Marauder  
  164  10:39  Medivac  
  164  10:40  Widow Mine x2  
  164  10:41  Marauder  
  177  10:54  Marauder, Marine x7  
  184  10:58  Marauder  
  184  10:59  Marauder  
  184  11:01  Widow Mine x2  
  190  11:06  Command Center  
  190  11:08  Command Center  
  190  11:16  Marauder x2  
  190  11:17  Marine x5  
  193  11:29  Widow Mine x2  
  193  11:30  Marauder x2, Marine x2  
  193  11:31  Marine  
  193  11:35  Marine  
  193  11:38  Medivac x2, Marauder x2  
  182  11:42  Marine x4  
  173  11:48  Marine  
  173  11:49  Orbital Command  
  173  11:51  Widow Mine x2, Marauder x2  
  173  11:54  Marine x2  
  175  11:59  Marauder x2  
  159  12:01  Marine x3  
  159  12:05  Marine  
  159  12:06  SCV  
  159  12:07  SCV  
  164  12:09  Medivac x2  
  164  12:13  Marauder x2, Orbital Command  
  172  12:19  SCV x2, Marine x2  
  154  12:31  SCV x2  
Show
View Real Time Build Order
Export as new Build Order

Lambo Zerg 

Build Orders: Hatch First 

Get SALT Encoding   

  12  0:05  Drone  
  13  0:14  Overlord  
  13  0:18  Drone  
  14  0:32  Drone x2  
  16  0:50  Hatchery  
  16  0:53  Drone  
  16  0:56  Drone  
  17  0:59  Drone  
  18  1:13  Spawning Pool  
  17  1:19  Drone  
  17  1:21  Drone  
  19  1:34  Drone  
  20  2:01  Zergling x4, Queen  
  20  2:02  Queen  
  20  2:03  Zergling x2  
  20  2:07  Drone  
  28  2:11  Extractor  
  27  2:15  Drone  
  27  2:18  Overlord  
  28  2:37  Drone x4  
  32  2:48  Drone x2  
  34  2:57  Drone, Hatchery  
  34  3:08  Drone x2  
  34  3:12  Metabolic Boost, Overlord  
  35  3:21  Drone  
  36  3:28  Overlord  
  36  3:29  Queen  
  36  3:33  Drone x3  
  41  3:38  Drone x2  
  43  3:41  Drone  
  44  3:48  Drone  
  44  3:49  Queen, Drone  
  44  3:53  Drone x2  
  50  4:00  Overlord  
  50  4:05  Queen  
  52  4:11  Drone x2, Overlord  
  52  4:13  Overlord  
  54  4:18  Spore Crawler  
  54  4:21  Drone  
  54  4:23  Drone x4  
  59  4:25  Overlord  
  59  4:31  Drone  
  59  4:32  Queen  
  59  4:34  Overlord  
  61  4:39  Drone  
  61  4:41  Drone x3  
  61  4:42  Drone  
  66  4:47  Queen, Hatchery  
  66  4:49  Drone  
  66  4:52  Lair  
  68  4:54  Drone  
  68  4:55  Extractor  
  68  4:56  Zergling x2  
  68  4:57  Zergling x2  
  70  5:02  Zergling x6  
  70  5:04  Drone  
  70  5:05  Baneling Nest  
  73  5:08  Drone x3  
  73  5:14  Drone  
  77  5:16  Drone  
  77  5:17  Drone x2  
  77  5:18  Drone  
  77  5:19  Queen  
  77  5:20  Extractor x2  
  77  5:21  Drone  
  82  5:24  Drone  
  82  5:27  Spore Crawler  
  82  5:28  Spore Crawler, Drone x3  
  84  5:31  Spore Crawler  
  84  5:32  Drone  
  84  5:35  Drone  
  85  5:38  Drone x2  
  90  5:44  Overlord x2  
  90  5:48  Overlord  
  90  5:49  Evolution Chamber x2  
  88  5:50  Overlord  
  88  5:53  Overlord  
  88  5:54  Overlord  
  88  5:57  Overlord  
  88  6:01  Queen, Drone x4  
  88  6:03  Drone x3  
  97  6:04  Centrifugal Hooks  
  97  6:08  Drone x2  
  97  6:09  Zergling x6  
  102  6:12  Zergling x2, Queen  
  102  6:16  Zergling x4  
  107  6:18  Zerg Ground Armor Level 1  
  107  6:20  Zerg Melee Weapons Level 1  
  107  6:25  Zergling x10  
  112  6:27  Drone x2  
  112  6:28  Drone  
  114  6:38  Drone x7  
  109  6:43  Drone x4  
  112  6:55  Zergling x14  
  112  6:58  Hatchery  
  117  7:05  Zergling x12  
  121  7:11  Hatchery  
  121  7:12  Zergling x8  
  121  7:15  Baneling x6  
  124  7:16  Baneling x3  
  124  7:17  Zergling x10  
  124  7:22  Zergling x10  
  134  7:23  Baneling  
  134  7:28  Zergling x2  
  134  7:33  Zergling x12  
  134  7:34  Baneling x7  
  138  7:44  Baneling, Overlord  
  138  7:45  Overlord  
  138  7:50  Overlord  
  124  7:51  Zergling x8  
  124  7:52  Zergling x8  
  129  7:59  Overseer, Pneumatized Carapace, Overlord  
  129  8:01  Zergling x10  
  129  8:04  Zergling x4  
  136  8:08  Zergling x8  
  136  8:09  Hatchery  
  136  8:10  Spore Crawler  
  136  8:11  Zergling x2  
  138  8:18  Zergling x6  
  139  8:22  Zerg Melee Weapons Level 2, Zerg Ground Armor Level 2  
  139  8:24  Zergling x16, Baneling x6  
  139  8:26  Zergling x2  
  139  8:27  Zergling x2  
  149  8:30  Spore Crawler  
  149  8:31  Zergling x8  
  151  8:35  Zergling x10  
  151  8:36  Baneling x2  
  151  8:41  Zergling x4  
  158  8:45  Zergling x4  
  158  8:53  Zergling x20  
  163  8:58  Zergling x8  
  163  9:00  Baneling  
  163  9:02  Zergling x6  
  163  9:08  Zergling x14  
  163  9:09  Overseer x2  
  170  9:12  Zergling x4  
  170  9:13  Baneling x4  
  170  9:15  Zergling x4  
  174  9:17  Hatchery  
  174  9:19  Zergling x2  
  174  9:22  Zergling x8  
  174  9:23  Zergling x2  
  172  9:27  Zergling x2  
  172  9:28  Zergling x10  
  172  9:31  Zergling x2  
  173  9:32  Overlord  
  173  9:33  Infestation Pit  
  173  9:34  Baneling x16, Overlord  
  173  9:37  Overlord  
  170  9:38  Zergling x6  
  170  9:44  Zergling x10  
  171  9:46  Zergling x2  
  167  9:54  Zergling x18  
  167  9:56  Zergling x2  
  167  9:57  Zergling x4  
  150  10:04  Zergling x16  
  157  10:07  Zergling x6  
  157  10:10  Baneling x14  
  157  10:13  Hive  
  159  10:15  Zergling x2  
  159  10:16  Baneling x5  
  159  10:17  Zergling x14  
  159  10:19  Zergling x6  
  170  10:28  Queen  
  164  10:32  Zergling x22  
  164  10:35  Zergling x6  
  159  10:39  Zergling x2  
  159  10:40  Zergling x6  
  162  10:44  Zergling x4  
  162  10:48  Zergling x14, Hatchery  
  168  10:53  Zergling x8  
  168  10:55  Baneling  
  168  10:56  Baneling x5  
  172  10:57  Zergling x2  
  172  11:01  Zergling x2  
  172  11:02  Overlord  
  172  11:03  Overlord  
  172  11:04  Baneling x8  
  172  11:06  Overlord  
  172  11:10  Drone  
  172  11:14  Overlord  
  167  11:28  Zergling x48  
  167  11:32  Zergling x8  
  172  11:39  Zergling x6  
  164  11:46  Zergling x20  
  169  11:48  Baneling x9  
  159  11:55  Zergling x12  
  151  12:02  Zergling x2  
  151  12:08  Zergling x6  
  155  12:12  Baneling  
  155  12:13  Baneling x4  
  152  12:17  Zergling x18  
  152  12:22  Zergling x6  
  150  12:24  Zergling x2  
  150  12:27  Zergling x4  
Tags
 
Add a new tag
Caveats
  • Supply blocks, unpowered buildings, or Contaminate may cause inaccurate times.
  • Supply counts are checked every 10 seconds.